 Dungeon Crawl Stone Soup version 0.30.1 (webtiles) character file.

Game seed: 18435938501075844295

403 Nelofar the Magician (level 7, -7/48 HPs)
             Began as a Djinni Ice Elementalist on July 8, 2023.
             Was a Priest of Elyvilon.
             Killed from afar by Ijyb (19 damage)
             ... with a bolt of light
             ... on level 4 of the Dungeon.
             The game lasted 00:14:06 (2932 turns).

Nelofar the Magician (Djinni Ice Elementalist)      Turns: 2932, Time: 00:14:06

Health: -7/48      AC:  3    Str:  9    XL:     7   Next: 11%
Gold:   424        EV: 12    Int: 17    God:    Elyvilon [***...] SH:  0 Dex: 13

rFire   + . .        p - +2 shortbow (elec)
rCold   + . .        (shield currently unavailable)
rNeg    . . .        j - +0 leather armour {rC+}
rPois   ∞            (no helmet)
rElec   .            w - scarf "Doduotsa" {+Inv, Will+ rCorr}
rCorr   +            (no gloves)
SInv    .            (boots unavailable)
Will    +....        k - amulet of reflection
Stlth   +            i - ring of ice
HPRegen 0.28/turn    (no ring)
MPRegen 0.00/turn

%: reflection, infuse magic (-8 HP)
@: confused, freezing walls, flying
A: sickness immunity, fire resistance 2, cold vulnerability 1, float, innate
caster, HP casting, extra vitality 1
a: Renounce Religion, Evoke Invisibility, Purification, Heal Other, Heal Self


You were on level 4 of the Dungeon.
You worshipped Elyvilon.
Elyvilon was most pleased with you.
You visited 1 branch of the dungeon, and saw 4 of its levels.
You also visited: Ossuary.

You collected 424 gold pieces.

Inventory:

Hand Weapons
 h - a +0 dagger
 p - a +2 shortbow of electrocution (weapon)
Armour
 a - a +0 robe
 j - a +0 leather armour of cold resistance (worn)
 w - the scarf "Doduotsa" (worn) {+Inv, Will+ rCorr}
   (You acquired it in an ossuary)

   rCorr:     It protects you from acid and corrosion.
   Will:      It increases your willpower.
Jewellery
 i - a ring of ice (left hand)
 k - an amulet of reflection (around neck)
 v - an amulet of faith
Wands
 q - a wand of paralysis (8)
Scrolls
 c - 2 scrolls of vulnerability
 e - a scroll of poison {unknown}
 n - 2 scrolls of fear
 o - a scroll of fog
 r - 3 scrolls of silence
 s - 3 scrolls of immolation
 u - 2 scrolls of torment {unknown}
 x - a scroll of amnesia {unknown}
 y - a scroll of teleportation {unknown}
 A - a scroll of noise {unknown}
Potions
 b - 2 potions of brilliance
 d - 2 potions of might {unknown}
 f - a potion of mutation {unknown}
 g - a potion of resistance {unknown}
 l - a potion of invisibility {unknown}
 m - a potion of curing {unknown}
 t - 4 potions of attraction
 z - a potion of magic {unknown}
 B - 2 potions of lignification {unknown}
 C - a potion of heal wounds {unknown}


   Skills:
 * Level 1.8 Fighting
 * Level 1.3 Short Blades
 * Level 2.5 Ranged Weapons
 * Level 1.7 Armour
 * Level 2.9 Dodging
 * Level 2.1 Stealth
 + Level 0.1 Shields
 * Level 4.1 Spellcasting
 * Level 1.7 Invocations
 * Level 0.7 Evocations


You knew the following spells:

 Your Spells              Type           Power      Damage    Failure   Level
a - Freeze                Ice            100%       1d10      4%          1
b - Frozen Ramparts       Ice            52%        1d8       12%         3
c - Ozocubu's Armour      Ice            26%        N/A       12%         3
d - Summon Ice Beast      Ice/Summ       26%        N/A       36%         4
e - Sting                 Tmut/Pois      68%        1d6       4%          1
f - Static Discharge      Conj/Air       34%        2-4/arc   6%          2
g - Searing Ray           Conj           34%        2d5       6%          2
Your spell library was empty.

Dungeon Overview and Level Annotations

Branches:
Dungeon (4/15)            Ossuary (visited)
 Temple: D:4-7

Altars:
Elyvilon
Makhleb

Shops:
D:4 *

Annotations:
D:4 1 transporter, Ijyb


Innate Abilities, Weirdness & Mutations

You are immune to sickness and miasma.
You are immune to poison.
Your flesh is very heat resistant. (rF++)
You are vulnerable to cold. (rC-)
You float through the air rather than walking.
You learn spells naturally, not from books.
Your magical power is your life essence.
You have superior vitality. (+4 MHP)


Message History

Ijyb zaps a wand.
The bolt of light hits you!
You hear a shout!
Unknown command.
Fire: p) +2 shortbow (elec)
Press: ? - help, Q - select action, (/) - cycle Shift-Dir - straight line, f - Ijyb
Aim: Ijyb, wielding a +0 dagger, wearing a +0 leather armour and carrying a wand of light (10) (53% to hit)
You shoot an arrow. The arrow hits Ijyb.
Ijyb is lightly wounded.
A hobgoblin comes into view.
You block Ijyb's attack.
The ball python attacks as you move away!
The ball python misses you.
Casting: Static Discharge (safe; 6% risk of failure)
Confirm with . or Enter, or press ? or * to list all spells.
Casting: Frozen Ramparts (dangerous; 12% risk of failure)
Press: ? - help, Dir - look around, f - activate You feel a surge of power!
The walls around you are covered in ice.
The wall freezes the ball python!
You kill the ball python!
The wall freezes Ijyb but does no damage.
You block Ijyb's attack.
Casting: Frozen Ramparts (dangerous; 12% risk of failure)
Confirm with . or Enter, or press ? or * to list all spells.
Ijyb is struck by an arc of lightning.
Ijyb is moderately wounded.
You are struck by an arc of lightning.
Ijyb is struck by an arc of lightning.
Ijyb is heavily wounded.
The lightning grounds out.
The wall freezes Ijyb.
Ijyb hits you with a +0 dagger.
Fire: p) +2 shortbow (elec)
Press: ? - help, Q - select action, (/) - cycle Shift-Dir - straight line, f - Ijyb
Aim: Ijyb, wielding a +0 dagger, wearing a +0 leather armour and carrying a wand of light (10) (heavily wounded, 53% to hit)
You shoot an arrow. The arrow barely misses Ijyb.
The wall freezes Ijyb.
Ijyb zaps a wand.
The bolt of light hits you!
* * * LOW HITPOINT WARNING * * *
The wall freezes the hobgoblin.
The wall freezes Ijyb.
Ijyb zaps a wand.
The bolt of light hits you!!
You are confused.
You die...

### #######.####
***#gg@..#....#####
*#....###...##.....#
#......,##...#####.#
#.#.#...,#.......#.# **
#,#.#....#....##.#.# ,*
*,#.##...####..#,#.####
,*********,#,,*###.,,*#.#,#....#
,+,,,,,,,,,,,,,,,*..,,*..>####.#
,*****,,,,,***,,,*,,,,*.#.# #.#


You could see Ijyb and a hobgoblin.

Vanquished Creatures
  2 howler monkeys (D:4)
  A jelly (D:4)
  8 mummies (Ossuary)
  9 adders
  3 worms
  2 dart slugs
  2 orcs (D:3)
  8 bats
  5 endoplasms
  A giant cockroach (D:3)
  2 gnoll zombies (Ossuary)
  5 goblins
  5 hobgoblins
  10 kobolds
  3 quokkas
  6 ball pythons
  4 frilled lizards
  5 hobgoblin zombies (Ossuary)
  A kobold zombie (Ossuary)
  5 rats
87 creatures vanquished.

Notes
Turn   | Place    | Note
-------+----------+-------------------------------------------
     0 | D:1      | Nelofar the Djinni Ice Elementalist began the quest for the
                  | Orb.
     0 | D:1      | Nelofar set off with the following spells memorised:
                  | Freeze, Frozen Ramparts, Ozocubu's Armour, Summon Ice
                  | Beast.
     0 | D:1      | Reached XP level 1. HP: 15/15 MP: 0/0
   132 | D:1      | Reached XP level 2. HP: 16/21 MP: 0/0
   184 | D:2      | Found a faded altar of an unknown god.
   200 | D:2      | Prayed at the altar of an unknown god.
   200 | D:2      | Became a worshipper of Elyvilon the Healer
   200 | D:2      | Reached * piety under Elyvilon
   396 | D:2      | Reached XP level 3. HP: 21/25 MP: 0/0
   396 | D:2      | Learned a level 1 spell: Sting
   630 | D:2      | Reached ** piety under Elyvilon
   695 | D:2      | Reached skill level 1 in Invocations
   695 | D:2      | Reached XP level 4. HP: 31/31 MP: 0/0
   745 | D:2      | Reached skill level 1 in Armour
  1350 | D:1      | You are sucked into a shaft and drop 1 floor!
  1381 | D:3      | Reached XP level 5. HP: 31/36 MP: 0/0
  1381 | D:3      | Learned a level 2 spell: Static Discharge
  1593 | D:3      | Reached skill level 1 in Ranged Weapons
  1625 | D:3      | Reached skill level 4 in Spellcasting
  1764 | D:3      | Found a burning altar of Makhleb.
  1909 | D:3      | Reached *** piety under Elyvilon
  2321 | D:4      | Found a transporter.
  2380 | D:4      | Found Faziqie's Assorted Antiques.
  2402 | D:4      | Reached XP level 6. HP: 28/41 MP: 0/0
  2424 | D:4      | Found a sand-covered staircase.
  2435 | D:4      | Reached skill level 1 in Fighting
  2435 | D:4      | Reached skill level 1 in Short Blades
  2440 | Ossuary  | Entered an ossuary
  2576 | Ossuary  | Elyvilon protects you from harm!
  2579 | Ossuary  | Reached XP level 7. HP: 14/48 MP: 0/0
  2579 | Ossuary  | Learned a level 2 spell: Searing Ray
  2822 | Ossuary  | Identified a scroll of acquirement
  2823 | Ossuary  | Acquired the scarf "Doduotsa" {+Inv, Will+ rCorr}
  2924 | D:4      | Noticed Ijyb
  2932 | D:4      | Killed from afar by Ijyb

Illustrated notes

Levels and vault maps discovered:
D:1:      lightli_arrival_maybe_door_vault, layout_rooms, minmay_tripent
D:2:      minmay_razor_zed, layout_basic, ebering_ecumenical_altar_ruins
D:3:      layout_loops_ring, lemuel_coloured_pillars_altar
D:4:      gammafunk_wand_slinger, layout_basic, nicolae_ossuary_entry_monument,
          serial_shops, nicolae_diamond_shop, serial_curves, eino_curves_04,
          eino_curves_02, minmay_bent, uniq_ijyb

Skill      XL: |  1  2  3  4  5  6 |
---------------+-------------------+-----
Invocations    | 1 |  1.7
Armour         | 1 |  1.7
Ranged Weapons | 2 |  2.5
Spellcasting   | 4 |  4.1
Stealth        | 2 |  2.1
Fighting       | 1 |  1.8
Short Blades   | 1 |  1.3
Dodging        | |  2.9
Shields        | |  0.1
Evocations     | |  0.7

Action                     |  1- 3 |  4- 6 |  7- 9 || total
---------------------------+-------+-------+-------++-------
  Melee: Dagger            |    13 |       |       ||    13
   Fire: Shortbow          |     5 |    79 |     4 ||    88
   Cast: Freeze            |    31 |    17 |       ||    48
         Sting             |     3 |       |       ||     3
         Frozen Ramparts   |     2 |     4 |     1 ||     7
         Static Discharge  |       |    19 |     1 ||    20
 Invoke: Heal Other        |       |     3 |       ||     3
         Heal Self         |       |     1 |       ||     1
    Use: Scroll            |     2 |     7 |     2 ||    11
         Potion            |       |     2 |       ||     2
 Armour: Robe              |     2 |       |       ||     2
         Leather armour    |     6 |     4 |       ||    10
  Dodge: Dodged            |    13 |    30 |     1 ||    44
  Block: Other             |     4 |    18 |     2 ||    24
         Reflection        |       |     1 |       ||     1
